[Event "1st Kallai Gabor Memorial Blitz 2022"]
[Site "Budapest"]
[Date "2022.12.01"]
[Round "5.1"]
[White "Kozak, Adam"]
[Black "Troff, Kayden"]
[Result "0-1"]
[ECO "A05"]
[WhiteElo "2538"]
[BlackElo "2483"]
[Annotator "TA"]
[PlyCount "67"]
[EventDate "2022.12.01"]
[EventType "blitz"]
[EventCountry "HUN"]
[SourceTitle "playchess.com"]
[Source "ChessBase"]
[SourceQuality "1"]
[TimeControl "300+3"]

1. Nf3 Nf6 2. c4 g6 3. Nc3 Bg7 4. e4 e5 5. Be2 O-O 6. O-O {[%emt 0:00:08] A16: English Opening: 1...Nf6 with ...d5.} Nc6 7. d3 h6 8. Rb1 {[%emt 0:00:29] [#] White has an edge.} a5 $146 ({Predecessor:} 8... d6 9. h3 Nh5 10. Nd5 Ne7 11. Be3 c6 12. Nxe7+ Qxe7 13. Qd2 Kh7 14. Nh2 Qh4 {1-0 (40) Oelmeyer,G (2027)-Foerster,J (2124) Germany 2008}) 9. Nd5 Nxd5 10. cxd5 Ne7 11. d4 exd4 (11... d6 $11 {should be considered.}) 12. Nxd4 $16 d6 13. Be3 c6 14. dxc6 bxc6 15. Rc1 (15. Qd2 $5 ) 15... Bb7 16. Qd2 Kh7 17. Rfd1 a4 18. Qb4 (18. b4 $16) 18... Qd7 (18... Qb8 $1 $11) 19. Nf3 $14 d5 20. exd5 (20. Bd4 $16) 20... Nxd5 $11 21. Qd2 Rfe8 (21... Rfd8 {looks sharper.} 22. Bd4 Qf5 23. Bd3 Qf4) 22. Bd4 Bxd4 23. Nxd4 Rad8 (23... Qe7 {simplifies} 24. Bc4 Red8 25. Qe2 Qxe2 26. Nxe2 Ba6) 24. Bf3 c5 {[%emt 0:00:27] Prevents h3.} 25. Rxc5 Nf6 {[%emt 0:00:03][%cal Od7d4] ...Qxd4! is the strong threat.} 26. Rcc1 Ne4 (26... Bxf3 $14 {deserves consideration.} 27. Nxf3 Qb5) 27. Qf4 (27. Qb4 $16 {[%cal Od4c6] Black must now prevent Nc6!} Rb8 28. Qa3) 27... Ng5 $14 {[%emt 0:00:08] aiming for ...Bxf3.} 28. Bxb7 Qxb7 29. Nc2 $2 (29. f3 $14) 29... Re4 $1 $36 {[%emt 0:00:08][%cal Be8e4,Be4g4,Bg4f4][%mdl 2080] Black has strong initiative. Black is more active.} 30. Qf6 $2 {[%emt 0:00:03] [#]} (30. Qg3 Qxb2 31. Ne3) 30... Rg4 $1 $19 31. Ne3 (31. Rxd8 $2 Qxg2#) 31... Rxd1+ 32. Rxd1 {[#]} Nh3+ $1 33. Kf1 {[%emt 0:00:06] [#]} Rf4 $1 34. Qc3 {Weighted Error Value: White=0.39/Black=0.10 (very precise)} (34. Qe5 $142 Rxf2+ 35. Ke1 Qb4+ 36. Qc3) 0-1

[Event "1st Kallai Gabor Memorial Blitz 2022"]
[Site "Budapest"]
[Date "2022.12.01"]
[Round "5.2"]
[White "Bjerre, Jonas Buhl"]
[Black "Horvath, Csaba"]
[Result "1-0"]
[ECO "B40"]
[WhiteElo "2622"]
[BlackElo "2502"]
[Annotator "TA"]
[PlyCount "53"]
[EventDate "2022.12.01"]
[EventType "blitz"]
[EventCountry "HUN"]
[SourceTitle "playchess.com"]
[Source "ChessBase"]
[SourceQuality "1"]
[TimeControl "300+3"]

1. e4 c5 2. Nf3 e6 3. g3 Nc6 4. Bg2 Nf6 5. Nc3 d6 6. d4 cxd4 7. Nxd4 Bd7 8. O-O Be7 9. Nce2 {is the new trend.} Nxd4 {[%emt 0:01:39] B80: Sicilian Scheveningen: 6 g3 and 6 Be3, including English Attack.} 10. Nxd4 Rc8 11. a4 O-O {[%emt 0:00:08] [#] White has an edge.} 12. b3 $146 ({Predecessor:} 12. Nb5 e5 13. h3 Rc6 14. b3 a6 15. Na3 Rc8 16. c4 Bc6 17. Re1 Nd7 18. Nc2 {½-½ (69) Paveliev,A (2418)-Belov,V (2600) Moscow 2007}) 12... Qc7 13. c4 $1 Rfd8 14. Be3 {[%emt 0:00:25] Inhibits d5.} Qb8 15. Qe2 Be8 16. Rfd1 a6 17. a5 Nd7 18. f4 Bf6 19. Rac1 $36 {[%emt 0:00:07][%mdl 2048] White is really pushing.} Nc5 20. b4 Nd7 21. f5 Bxd4 ({Black should try} 21... Nf8) 22. Rxd4 e5 23. Rd2 b6 24. axb6 {White is much more active.} Nxb6 25. f6 {[%emt 0:00:19] [#] And now Qg4 would win.} gxf6 $2 (25... g6 $16) 26. c5 {[%emt 0:00:19][%cal Oe3h6] Black must now prevent Bh6!} dxc5 27. Bh6 {[%emt 0:00:11] Weighted Error Value: White=0.10 (very precise) /Black=0.17 (very precise)} ({Worse is} 27. Rxc5 Rxd2 28. Bxd2 Bb5 29. Qg4+ Kh8 $11) 1-0

[Event "1st Kallai Gabor Memorial Blitz 2022"]
[Site "Budapest"]
[Date "2022.12.01"]
[Round "5.3"]
[White "Motylev, Alexander"]
[Black "Berkes, Ferenc"]
[Result "1/2-1/2"]
[ECO "B19"]
[WhiteElo "2628"]
[BlackElo "2643"]
[Annotator "TA"]
[PlyCount "42"]
[EventDate "2022.12.01"]
[EventType "blitz"]
[EventCountry "HUN"]
[SourceTitle "playchess.com"]
[Source "ChessBase"]
[SourceQuality "1"]
[TimeControl "300+3"]

1. e4 c6 2. d4 d5 3. Nc3 dxe4 4. Nxe4 Bf5 5. Ng3 Bg6 6. h4 h6 7. Nf3 Nd7 8. h5 Bh7 9. Bd3 Bxd3 10. Qxd3 e6 11. Bd2 Ngf6 12. O-O-O Be7 13. Kb1 {[%emt 0:00:03] [#]} {Predecessor:} Qb6 $146 {B19: Classical Caro-Kann: 4...Bf5 main line.} 14. Ne4 Rd8 15. c4 c5 16. Bc3 O-O 17. Qe2 Nxe4 18. Qxe4 Nf6 19. Qe2 cxd4 20. Bxd4 Bc5 21. Bxc5 Qxc5 {1-0 (47) Sevian,S (2684)-Keymer,V (2686) Chess.com INT 2022} 1/2-1/2

[Event "1st Kallai Gabor Memorial Blitz 2022"]
[Site "Budapest"]
[Date "2022.12.01"]
[Round "5.4"]
[White "Ruck, Robert"]
[Black "Borhy, Marcell"]
[Result "1/2-1/2"]
[ECO "A06"]
[WhiteElo "2537"]
[BlackElo "2407"]
[Annotator "TA"]
[PlyCount "55"]
[EventDate "2022.12.01"]
[EventType "blitz"]
[EventCountry "HUN"]
[SourceTitle "playchess.com"]
[Source "ChessBase"]
[SourceQuality "1"]
[TimeControl "300+3"]

1. Nf3 d5 2. g3 Nf6 3. Bg2 e6 4. O-O Be7 5. c4 O-O 6. b3 b6 7. Bb2 Bb7 8. d4 Nbd7 9. cxd5 {[%emt 0:00:10] E17: Queen's Indian: 4 g3 Bb7 5 Bg2 Be7.} Bxd5 10. Nc3 Bb7 11. Rc1 {[%emt 0:00:10] White is slightly better.} c5 12. dxc5 Bxc5 (12... Nxc5 {simplifies} 13. Qxd8 Rfxd8 14. Ne5 Nd5) 13. Qd3 Qe7 {[%emt 0:00:19] [#]} 14. Na4 $146 (14. Ng5 {seems wilder.} Ne5 15. Qb1 Bxg2 16. Kxg2 Rad8 17. Nce4) ({Predecessor:} 14. Ng5 Bxg2 15. Kxg2 h6 16. Nge4 Rfd8 17. Rfd1 Ne5 18. Qa6 Neg4 19. h3 Ne5 20. Nxf6+ Qxf6 {1-0 (74) Bacrot,E (2642)-Al Tarbosh,W (2221) Chess.com INT 2022}) 14... Rfd8 15. Nxc5 Nxc5 16. Qe3 Nd5 17. Qd4 {[%emt 0:00:07][%csl Gb2][%cal Rd4g7] [#]} f6 18. Ba3 Rac8 19. Bxc5 bxc5 20. Qb2 Ba6 21. Rfd1 c4 22. bxc4 Rxc4 23. Rxc4 Bxc4 24. Rc1 {[%emt 0:00:02] The position is equal.} Nb6 25. Nd4 {[%emt 0:00:04] [#] And now Nc6 would win.} Qd6 26. Nc6 Rd7 27. Bf3 Bd5 {[%emt 0:00:24] Against a4} 28. Bxd5 {Weighted Error Value: White=0.06 (flawless) /Black=0.06 (flawless)} 1/2-1/2

[Event "1st Kallai Gabor Memorial Blitz 2022"]
[Site "Budapest"]
[Date "2022.12.01"]
[Round "5.5"]
[White "Beliavsky, Alexander G"]
[Black "Gaal, Zsoka"]
[Result "1/2-1/2"]
[ECO "D37"]
[WhiteElo "2487"]
[BlackElo "2286"]
[Annotator "TA"]
[PlyCount "108"]
[EventDate "2022.12.01"]
[EventType "blitz"]
[EventCountry "HUN"]
[SourceTitle "playchess.com"]
[Source "ChessBase"]
[SourceQuality "1"]
[TimeControl "300+3"]

1. d4 Nf6 2. c4 e6 3. Nf3 d5 4. Nc3 dxc4 5. e4 b5 (5... Bb4 {seems wilder.} 6. Bg5 c5 7. Bxc4 cxd4 8. Nxd4 Qa5) 6. e5 {[%emt 0:00:09] Inhibits a6. D24: Queen's Gambit Accepted: 3 Nf3 Nf6 4 Nc3.} Nd5 7. Nxb5 Nb6 8. Be2 {[%emt 0:00:24] White is slightly better.} Be7 9. O-O Nc6 10. Be3 {[%emt 0:00:18] 10.Qd2 might become the main line.} O-O 11. Qc1 Ba6 12. a4 (12. Bxc4 Nxc4 13. Qxc4 Nb4 $15) 12... Nb4 {[%emt 0:00:02] Against b3} 13. Rd1 (13. Bxc4 $2 Nxc4 14. Qxc4 c6 $19) 13... Qd7 {[#]} 14. Bg5 $146 (14. Bxc4 $2 Nxc4 15. Qxc4 c6 $19) (14. Nd2 {with more complications.} Nd3 15. Qb1 c6 16. Bxd3 cxd3 17. Nd6) ({Predecessor:} 14. Nd2 Nxa4 15. Nc3 Nb6 16. Nce4 Bb5 17. Nxc4 Nxc4 18. Bxc4 a6 19. Nc5 Qc6 20. b3 {0-1 (36) Peptan,C (2371)-Cramling,P (2443) Bucharest 2019}) 14... Bxg5 (14... Rab8 $11 {deserves consideration.}) 15. Nxg5 $16 Nxa4 16. Nxc7 {[%emt 0:00:36][%mdl 64] [#] Deflection} (16. Qxc4 $6 Qxb5 17. Qxb5 Bxb5 18. Bxb5 Nb6 $14) 16... Qxc7 17. Rxa4 Qe7 18. Ne4 $40 {[%emt 0:00:13][%mdl 128] White goes for the king. White is much more active. The black rooks are badly placed.} (18. Bxc4 Bxc4 19. Qxc4 Nd5 $14) (18. Qd2 $142 c3 19. bxc3 (19. Qxc3 $2 Bxe2 20. Re1 Rfc8 $19) 19... Bxe2 20. Qxe2) 18... Bb5 19. Ra3 Nd3 20. Bxd3 cxd3 21. Nd6 a6 22. Rc3 (22. Nxb5 {simplifies} axb5 23. Raxd3 Rfd8 24. d5) 22... Rab8 23. Nxb5 (23. Rc7 {looks sharper.} Qh4 24. Qc3 Qg4 25. Rd2) 23... Rxb5 24. Rdxd3 h5 25. h3 f6 $2 (25... Rd5 $16) 26. exf6 $2 (26. Rc7 $18 Qe8 27. Rg3) 26... Qxf6 27. Rf3 (27. Qe1 $142) 27... Qxd4 28. Rxf8+ Kxf8 {[%emt 0:00:00][%cal Bg8f8,Bf8f7,Bf7g6][%mdl 4128] Endgame KQR-KQR} 29. Rc8+ (29. Rf3+ $16 Rf5 30. Qc8+ Ke7 31. Rxf5 (31. Qxa6 Qxb2 32. Qa7+ Kf6 $11) (31. Re3 Qd1+ 32. Kh2 Qd6+ 33. Rg3 h4 $11) 31... exf5 32. Qxf5 (32. Qxa6 Qxb2 33. Qc4 Qe5 $11)) 29... Kf7 $11 30. Qc7+ Kg6 31. Qc2+ Kf7 $1 32. Rc7+ Kf6 33. b3 ({Not} 33. Qh7 $2 Qd1+ 34. Kh2 Qd6+ 35. g3 Qxc7 $19) 33... Re5 34. Rc4 Re1+ 35. Kh2 Qe5+ (35... Qd1 {feels hotter.} 36. Qc3+ Kg6 37. Rc7 Qd6+) 36. g3 {[%emt 0:00:20] Strongly threatening Rf4+.} Re2 (36... g5 {is interesting.} 37. h4 gxh4 38. Rxh4 Re2) 37. Rf4+ Qxf4 $1 38. Qxe2 {KQ-KQ} Qe5 (38... Qf5 $11 {and Black has nothing to worry.}) 39. Qxa6 $18 Qd4 40. Qe2 h4 41. Qf3+ Ke7 42. gxh4 Qxh4 43. Qg3 Qd4 44. h4 Kf7 45. h5 e5 46. Kh3 e4 (46... Qd7+ $16 47. Kg2 Kg8) 47. Qf4+ (47. Qc7+ $18 Kf8 48. Qc8+ Ke7 49. Qf5) 47... Kg8 $16 48. Kh4 Qd8+ 49. Kg3 Qd5 {[%emt 0:00:03] [#]} 50. h6 (50. Qe3 $1 $16) 50... Qxb3+ $11 {[%emt 0:00:01] The position is equal.} 51. Kh4 {[%emt 0:00:03] Qg4 would kill now.} gxh6 52. Qxe4 Qf7 {[%emt 0:00:07] Against Qg6+} 53. f4 Kg7 54. Kg3 Qg6+ {[%emt 0:00:01] Black escapes into a draw.   Weighted Error Value: White=0.27 (precise) /Black=0.18 (very precise)} 1/2-1/2

[Event "1st Kallai Gabor Memorial Blitz 2022"]
[Site "Budapest"]
[Date "2022.12.01"]
[Round "6.1"]
[White "Gaal, Zsoka"]
[Black "Kozak, Adam"]
[Result "1-0"]
[ECO "A04"]
[WhiteElo "2286"]
[BlackElo "2538"]
[Annotator "TA"]
[PlyCount "112"]
[EventDate "2022.12.01"]
[EventType "blitz"]
[EventCountry "HUN"]
[SourceTitle "playchess.com"]
[Source "ChessBase"]
[SourceQuality "1"]
[TimeControl "300+3"]

1. Nf3 c5 2. c4 Nc6 3. Nc3 g6 4. e3 Bg7 5. d4 d6 6. d5 Bxc3+ {[%emt 0:00:08] A35: Symmetrical English: 2 Nc3 Nc6 3 Nf3.} 7. bxc3 Na5 8. Bd3 e5 {[%emt 0:00:11] White is slightly better.} 9. e4 {[%emt 0:00:31] [#]} Nf6 $146 ({Predecessor:} 9... h6 10. O-O Ne7 11. Ne1 g5 12. Nc2 Ng6 13. g3 Bd7 14. Ne3 Qf6 15. Nf5 O-O-O {½-½ (61) Potapov,A (2490)-Timofeev,A (2522) Elista 2001}) 10. Bh6 Bd7 11. h3 Qe7 12. Qc1 O-O-O 13. Qg5 (13. Nd2 $16) 13... Rhe8 $1 $14 14. O-O b6 15. Nd2 Kc7 ({Black should try} 15... Nh5 $14) 16. f4 $1 $16 Ng8 {[%emt 0:00:14] White must now prevent ...f6.} 17. fxe5 Qxe5 18. Qxe5 (18. Rxf7 $2 Qxc3 19. Bg7 Qxd3 $19) 18... Rxe5 19. Bg7 (19. Bf4 $142 Re7 20. Bg5) 19... Re7 20. e5 ({White should play} 20. Bf6 $1 $16 Nxf6 21. Rxf6) 20... dxe5 $11 21. Ne4 (21. Rae1 $11) 21... Bf5 {[%emt 0:00:04] [#]} ({Better is} 21... Nb7 $1 $15 22. Nf6 e4) 22. d6+ $2 {[%emt 0:00:07][%mdl 8192] This costs White the game.} (22. Rxf5 $1 $11 {and White is okay.} gxf5 23. d6+ Kd7 24. dxe7 Kxe7 25. Nf2) 22... Rxd6 $1 $19 23. Nxd6 Bxd3 24. Rfd1 (24. Nxf7 Bxf1 25. Rxf1) 24... e4 ({Not} 24... Bxc4 25. Bf8 $17) (24... Nxc4 25. Nb5+ Kc6 26. Rxd3 $16) 25. Nb5+ Kc6 26. Bf8 Re8 27. Bd6 $2 (27. Bg7) 27... a6 28. Nc7 Rc8 29. Bg3 Rxc7 30. Bxc7 Kxc7 31. Kf2 f5 32. g4 f4 33. g5 Nxc4 34. h4 Ne7 35. h5 Nd5 36. hxg6 hxg6 (36... Nxc3 $2 37. Rxd3 $1 e3+ 38. Ke1 $18) 37. Rh1 Kd6 {[%emt 0:00:06] Strongly threatening ...e3+.} 38. Rad1 e3+ 39. Ke1 Nd2 (39... Ne5 $142 40. Rh3 Nxc3 41. Rd2 exd2+ 42. Kxd2 Ne4+ 43. Kc1 f3 44. Rh7 f2 45. Rh1 Nc4 46. Rd1 {[#]} Ke7 $1 47. Rxd3 f1=Q+ 48. Rd1 Qf2 49. Rd8 Qb2+ 50. Kd1 Ne3+ 51. Ke1 Qf2#) 40. Rxd2 exd2+ 41. Kxd2 c4 42. Rh8 Ke7 {[%emt 0:00:04] ...a5 is the strong threat.} 43. Rh7+ Ke6 44. a4 a5 {[%emt 0:00:01] ( -> ...Kf5)} 45. Rb7 Ke5 {[%emt 0:00:04] Black mates.} 46. Rd7 f3 47. Rf7 Ke4 48. Rf8 Nf4 49. Ke1 Ke3 50. Re8+ Be4 51. Kf1 Nd5 52. Re5 Nxc3 53. Ke1 Nxa4 54. Re6 b5 55. Kd1 f2 56. Rf6 Bf5 {[%emt 0:00:06][%mdl 32768] Weighted Error Value: White=1.32/Black=0.43. Loss on time!?} 1-0

[Event "1st Kallai Gabor Memorial Blitz 2022"]
[Site "Budapest"]
[Date "2022.12.01"]
[Round "6.2"]
[White "Beliavsky, Alexander G"]
[Black "Motylev, Alexander"]
[Result "1/2-1/2"]
[ECO "D43"]
[WhiteElo "2487"]
[BlackElo "2628"]
[Annotator "TA"]
[PlyCount "39"]
[EventDate "2022.12.01"]
[EventType "blitz"]
[EventCountry "HUN"]
[SourceTitle "playchess.com"]
[Source "ChessBase"]
[SourceQuality "1"]
[TimeControl "300+3"]

1. d4 d5 2. c4 c6 3. Nf3 Nf6 4. Nc3 e6 5. cxd5 exd5 6. Bg5 Be7 7. e3 Bf5 8. Bd3 Bxd3 9. Qxd3 Nbd7 10. O-O O-O 11. a3 a5 12. Rac1 {[%emt 0:00:10] D35: Queen's Gambit Declined: Exchange Variation.} Ne4 {[%emt 0:00:22] [#] Not much happened in this game.} {Predecessor:} 13. Bxe7 $146 Qxe7 14. Qc2 f5 15. Na4 f4 16. exf4 Rxf4 17. Rce1 Qf6 18. Nc3 Qg6 19. Ne5 Nxe5 20. dxe5 {½-½ (32) Munte,N (1650)-Martinez,A (1881) Riga 2018} 1/2-1/2

[Event "1st Kallai Gabor Memorial Blitz 2022"]
[Site "Budapest"]
[Date "2022.12.01"]
[Round "6.3"]
[White "Troff, Kayden"]
[Black "Bjerre, Jonas Buhl"]
[Result "1-0"]
[ECO "D02"]
[WhiteElo "2483"]
[BlackElo "2622"]
[Annotator "TA"]
[PlyCount "120"]
[EventDate "2022.12.01"]
[EventType "blitz"]
[EventCountry "HUN"]
[SourceTitle "playchess.com"]
[Source "ChessBase"]
[SourceQuality "1"]
[TimeControl "300+3"]

1. d4 Nf6 2. Nf3 d5 3. Bf4 c5 4. e3 Nc6 5. Nc3 Bg4 6. Be2 {[%emt 0:00:07] D02: 1 d4 d5 2 Nf3 sidelines, including 2...Nf6 3 g3 and 2...Nf6 3 Bf4.} e6 7. Ne5 Bxe2 (7... Nxe5 {simplifies} 8. Bxe5 Bxe2 9. Nxe2 a6) 8. Nxe2 {[%emt 0:00:02] The position is equal.} Bd6 {[%emt 0:00:39] [#]} 9. Nxc6 $146 ({Predecessor:} 9. O-O O-O 10. c4 cxd4 11. exd4 Qc7 12. Nc3 Nxe5 13. dxe5 Bxe5 14. Bxe5 Qxe5 15. Re1 {½-½ (26) Pezerovic,E (2439)-Fedorovsky,M (2385) Munich 2013}) 9... bxc6 10. O-O O-O 11. b3 a5 12. c4 cxd4 13. exd4 ({White should play} 13. Qxd4 $11 c5 14. Qd3) 13... a4 (13... Bxf4 $15 14. Nxf4 a4) 14. Bxd6 $11 Qxd6 15. c5 Qb8 16. bxa4 Qb4 17. Rb1 Qc4 18. Rb6 (18. Rb3 $15) 18... Rfc8 (18... Rxa4 $17 19. a3 Rxa3) 19. Qd2 $15 Rxa4 20. Rc1 (20. Rb3 $15 {might be stronger.}) 20... Rxa2 $17 ({But not} 20... Qxa2 $6 21. Rc2 Qa3 22. Rc3 Qa1+ 23. Rc1 $11) 21. Rb2 Rxb2 22. Qxb2 Qd3 $1 23. Ng3 (23. Kf1 $142) 23... h5 24. Qb7 {[%emt 0:00:01] Inhibits Ra8.} (24. Ra1 $17 {might work better.}) 24... Rf8 $19 25. Qxc6 (25. Qb2 $142) 25... Qxd4 26. Qb5 h4 (26... Ng4 $19 27. Qf1 h4) 27. Ne2 $17 Qe4 (27... Qe5 $17 {And now ...Ng4 would win.} 28. h3 Rb8) 28. c6 $11 h3 29. gxh3 Ne8 30. c7 Nd6 {[%emt 0:00:01] Prevents c8Q.} 31. Qa6 Nc8 32. Ng3 Qf4 33. Qc6 d4 $2 (33... Qd6 $11) 34. Rd1 ({Better is} 34. Rc4 $1 $18) 34... e5 $14 35. Qd7 Qf3 $2 (35... Qh6 $14) 36. Re1 $2 {[%emt 0:00:08] Active counter play!} (36. Rb1 $1 $18 Qa3 37. Rb8) 36... Qf6 $1 37. Qd5 (37. Qb5 $14) 37... Re8 $11 38. Rb1 Qe7 39. Qc6 e4 {[%emt 0:00:01] [#]} (39... Na7 $11 40. Qa4 Nc8) 40. Nf5 $1 $16 Qg5+ 41. Ng3 (41. Kh1 $16 Re6 42. Qd5) 41... Qe7 $11 42. Nf5 ({White should try} 42. h4 $11 d3 43. Nf5) 42... Qg5+ $16 43. Kh1 Rf8 (43... Re5 $16 {keeps fighting.} 44. Nxd4 Kh7) 44. Qxe4 $18 ({Weaker is} 44. Nxd4 Qe5 $16) 44... g6 45. Rg1 Qf6 46. Nh6+ $2 ({Worse is} 46. Qxd4 Qxf5 47. Re1 Qxh3 $17) (46. Nxd4 $18 {has better winning chances. Black must now prevent h4.} Nd6 47. Qd5) 46... Kh7 $16 {...Nd6 is the strong threat.} 47. Ng4 Qd6 {[%emt 0:00:03] [#] Strongly threatening ...f5.} 48. Ne5 ({White has to play} 48. Rd1 $1 $16) 48... Re8 $132 {[%emt 0:00:06][%mdl 2048] Black is not holding back} 49. Qh4+ Kg7 50. Nf3 d3 51. Ng5 {[%emt 0:00:05] White threatens Qh7+ and mate.} Qd5+ 52. f3 {[%emt 0:00:01] Threatens to win with Qh7+. The board is on fire.} Rh8 {[%emt 0:00:03] Inhibits Qh7+.} 53. Qf4 {[%emt 0:00:02] aiming for Rd1.} d2 $2 (53... Nd6 $11 {and Black is okay.}) 54. Rd1 $18 Re8 (54... Rh5 $142) 55. Rxd2 Qb3 56. Kg2 Re1 57. Qd4+ Kh6 58. Qh4+ Kg7 59. Qd4+ Kh6 $1 60. h4 f6 {A wild game.   Weighted Error Value: White=0.39/Black=0.47} 1-0

[Event "1st Kallai Gabor Memorial Blitz 2022"]
[Site "Budapest"]
[Date "2022.12.01"]
[Round "6.5"]
[White "Borhy, Marcell"]
[Black "Berkes, Ferenc"]
[Result "1/2-1/2"]
[ECO "D15"]
[WhiteElo "2407"]
[BlackElo "2643"]
[Annotator "TA"]
[PlyCount "52"]
[EventDate "2022.12.01"]
[EventType "blitz"]
[EventCountry "HUN"]
[SourceTitle "playchess.com"]
[Source "ChessBase"]
[SourceQuality "1"]
[TimeControl "300+3"]

1. Nf3 d5 2. d4 c6 3. c4 Nf6 4. Nc3 a6 5. cxd5 cxd5 6. Bf4 Nc6 7. Rc1 e6 8. e3 Bd6 9. Bg3 O-O 10. Bd3 Bxg3 11. hxg3 h6 12. O-O Qd6 13. Na4 {[%emt 0:00:15] [#] D13: Slav Defence: Exchange variation without ...Bf5.} Bd7 $146 ({Predecessor:} 13... Rb8 14. Bb1 Bd7 15. Nc5 Rfc8 16. a3 Be8 17. Qd3 Ne7 18. g4 Bb5 19. Qd2 Bxf1 20. Rxf1 Nxg4 21. Qd3 Nf6 22. Ne5 Rxc5 {0-1 (22) Vaishali,R (2405)-Indjic,A (2612) Chess.com INT 2021}) 14. Nc5 Rab8 15. a3 Rfc8 16. b4 Be8 17. Qb3 Rc7 18. Qb2 Na7 19. a4 Nc8 20. a5 Na7 21. Rc2 Bb5 22. Rfc1 Bxd3 23. Nxd3 Rxc2 24. Rxc2 b6 25. axb6 Qxb6 (25... Rxb6 $11 26. Qa3 Ng4) 26. Nfe5 $1 $14 Rc8 {[%emt 0:00:43] Weighted Error Value: White=0.05 (flawless) /Black=0.12 (very precise)} 1/2-1/2

[Event "1st Kallai Gabor Memorial Blitz 2022"]
[Site "Budapest"]
[Date "2022.12.01"]
[Round "7.1"]
[White "Kozak, Adam"]
[Black "Beliavsky, Alexander G"]
[Result "1/2-1/2"]
[ECO "E49"]
[WhiteElo "2538"]
[BlackElo "2487"]
[Annotator "TA"]
[PlyCount "129"]
[EventDate "2022.12.01"]
[EventType "blitz"]
[EventCountry "HUN"]
[SourceTitle "playchess.com"]
[Source "ChessBase"]
[SourceQuality "1"]
[TimeControl "300+3"]

1. d4 Nf6 2. c4 e6 3. Nc3 Bb4 4. e3 O-O 5. Bd3 d5 6. a3 Bxc3+ 7. bxc3 c6 8. Nf3 {[%emt 0:00:27] is the legacy move (8.Ne2). E49: Nimzo-Indian: Rubinstein: 5 Bd3 d5 6 a3 Bxc3+ 7 bxc3.} b6 9. cxd5 cxd5 10. Qe2 Bb7 11. O-O Qc8 12. c4 dxc4 13. Bxc4 Ba6 {[%emt 0:00:01] [#] Prevents a4.} 14. Bb5 $146 ({Predecessor:} 14. Bxa6 Qxa6 15. Qxa6 Nxa6 16. Bb2 Rac8 17. Rfc1 Ne4 18. Kf1 f6 19. Ke2 Kf7 20. Ne1 {½-½ (63) Bluvshtein,M (2611)-Rozentalis,E (2571) Toronto 2011}) 14... Bxb5 15. Qxb5 Qc6 16. a4 a6 17. Qb3 (17. Qxc6 {simplifies} Nxc6 18. Rb1 Nd5 19. Bd2) 17... Nbd7 18. Ba3 {[%emt 0:00:04] Threatens to win with Rfc1.} Rfc8 19. Rab1 Qc4 20. Bd6 (20. Qxc4 $11 {keeps the balance.} Rxc4 21. a5 bxa5 22. Rfc1 Rxc1+ 23. Rxc1) 20... Qxb3 $17 21. Rxb3 Rc4 22. Ra1 Ne4 23. Bg3 (23. Bb4 $15) 23... f6 24. Ne1 Rac8 25. Nd3 Rc3 26. Rxc3 Rxc3 27. Nf4 Kf7 28. Kf1 g5 29. Ne2 Rc4 30. f3 Nxg3+ 31. hxg3 $11 {[%emt 0:00:03][%mdl 4096] Endgame KRN-KRN} h5 32. Ke1 Ke7 (32... Rc2 $15) 33. Kd2 Kd6 34. Nc3 (34. Kd3 $5 Rc8 35. Rh1 $14) 34... f5 35. Rb1 Rc8 36. Kd3 Rh8 37. Na2 h4 38. Rh1 Rg8 39. gxh4 gxh4 40. Rh2 Nf6 41. Nb4 Nd5 42. Nxd5 Kxd5 {[%emt 0:00:05] KR-KR} 43. e4+ fxe4+ 44. fxe4+ Kd6 45. Kc4 Rg4 46. Kd3 Rg3+ (46... e5 $1 $15) 47. Kc4 Rg4 (47... b5+ $11 48. axb5 axb5+ 49. Kxb5 Rg4) 48. Kd3 $1 $17 {[%emt 0:00:04] [#]} b5 (48... e5 $1 $17 49. Rh3 b5) 49. axb5 $11 axb5 50. Ke3 {[%emt 0:00:01] [#]} (50. Rh1 $1 $11) 50... b4 ({Black should play} 50... e5 $1 $17) 51. Kf3 $1 {[%emt 0:00:07] The position is equal.} Rg3+ 52. Kf2 Rd3 {[%emt 0:00:10] aiming for ...b3.} 53. Rxh4 Rxd4 {Hoping for ...b3.} 54. Ke3 {[%emt 0:00:01] Inhibits b3. Threatening mate with e5+.} Rc4 55. Rh8 Rc3+ 56. Kf4 Kc7 57. Rh1 b3 58. Ke5 Rc6 (58... b2 $5 59. Rb1 $8 Rc2 $11) 59. Rb1 Rb6 60. Kd4 Kd6 61. Kc3 Ke5 62. Rxb3 Rxb3+ 63. Kxb3 Kxe4 64. Kc2 Kf4 65. Kd3 {[%emt 0:00:01] Weighted Error Value: White=0.11 (very precise) /Black=0.13 (very precise)} 1/2-1/2